 Dungeon Crawl Stone Soup version 0.22-a0-149-g870e420 (webtiles) character file.

112 Amnesiac the Digger (level 4, 0/30 HPs)
             Began as a Mummy Earth Elementalist on Feb 7, 2018.
             Slain by a worm (7 damage)
             ... on level 3 of the Dungeon.
             The game lasted 00:03:00 (2611 turns).

Amnesiac the Digger (Mummy Earth Elementalist)      Turns: 2611, Time: 00:03:01

Health: 0/30       AC:  2    Str: 11    XL:     4   Next: 64%
Magic:  9/9        EV: 12    Int: 15    God:
Gold:   66         SH:  0    Dex: 12    Spells: 7/10 levels left

rFire    x . .     SeeInvis .   a - +0 spear
rCold    + . .     Gourm    .   (no shield)
rNeg     + + +     Faith    .   c - +0 robe
rPois    ∞         Spirit   .   (no helmet)
rElec    .         Reflect  .   (no cloak)
rCorr    .         Harm     .   (no gloves)
MR       .....                  (no boots)
Stlth    ++........             g - amulet of inaccuracy (curse)
HPRegen  0.10/turn              (no ring)
MPRegen  0.11/turn              (no ring)

@: no status effects
A: no food or potions, fire vulnerability, cold resistance 1, negative energy
resistance 3, torment resistance, unbreathing
a: no special abilities


You were on level 3 of the Dungeon.
You were not hungry.

You visited 1 branch of the dungeon, and saw 3 of its levels.

You collected 66 gold pieces.

Inventory:

Hand Weapons
 a - a +0 spear (weapon)
Armour
 c - a +0 robe (worn)
Jewellery
 g - a cursed amulet of inaccuracy (around neck)
Scrolls
 e - a scroll of teleportation {!r, unknown}
 f - a scroll of remove curse {!r, unknown}
 h - a scroll of enchant weapon {!r, unknown}
Books
 d - a book of Geomancy

   Spells                             Type                      Level
   a - Sandblast                      Earth                        1
   b - Passwall                       Transmutation/Earth          2
   c - Stone Arrow                    Conjuration/Earth            3
   d - Petrify                        Transmutation/Earth          4
   e - Lee's Rapid Deconstruction     Earth                        5


   Skills:
 - Level 1.5 Dodging
 - Level 1.5 Stealth
 + Level 3.9 Spellcasting
 - Level 1.0 Transmutations
 * Level 3.9 Earth Magic


You had 7 spell levels left.
You knew the following spells:

 Your Spells              Type           Power        Failure   Level  Hunger
a - Sandblast             Erth           ##....       3%          1    N/A
b - Passwall              Tmut/Erth      ##........   10%         2    N/A

Dungeon Overview and Level Annotations

Branches:
Dungeon (3/15)

Altars:
Dithmenos


Innate Abilities, Weirdness & Mutations

You do not eat or drink.
Your flesh is vulnerable to fire.
You are immune to poison.
Your flesh is cold resistant. (rC+)
You are immune to negative energy. (rN+++)
You are immune to unholy pain and torment.
You can survive without breathing.


Message History

Aiming: Sandblast (safe; 3% risk of failure)
Press: ? - help, Shift-Dir - straight line, f/p - rat
Aim: a rat You don't have any stones to cast with.
Casting: Sandblast (safe; 3% risk of failure)
Confirm with . or Enter, or press ? or * to list all spells.
Aiming: Sandblast (safe; 3% risk of failure)
Press: ? - help, Shift-Dir - straight line, f/p - rat
Aim: a rat You don't have any stones to cast with.
Casting: Sandblast (safe; 3% risk of failure)
Confirm with . or Enter, or press ? or * to list all spells.
Aiming: Sandblast (safe; 3% risk of failure)
Press: ? - help, Shift-Dir - straight line, f/p - rat
Aim: a rat You don't have any stones to cast with.
Unknown command.
Unknown command.
Casting: Sandblast (safe; 3% risk of failure)
Confirm with . or Enter, or press ? or * to list all spells.
Aiming: Sandblast (safe; 3% risk of failure)
Press: ? - help, Shift-Dir - straight line, f/p - rat
Aim: a rat You don't have any stones to cast with.
Casting: Sandblast (safe; 3% risk of failure)
Confirm with . or Enter, or press ? or * to list all spells.
Aiming: Sandblast (safe; 3% risk of failure)
Press: ? - help, Shift-Dir - straight line, f/p - rat
Aim: a rat You don't have any stones to cast with.
Casting: Sandblast (safe; 3% risk of failure)
Confirm with . or Enter, or press ? or * to list all spells.
Aiming: Sandblast (safe; 3% risk of failure)
Press: ? - help, Shift-Dir - straight line, f/p - rat
Aim: a rat You don't have any stones to cast with.
Casting: Sandblast (safe; 3% risk of failure)
Confirm with . or Enter, or press ? or * to list all spells.
Aiming: Sandblast (safe; 3% risk of failure)
Press: ? - help, Shift-Dir - straight line, f/p - rat
Aim: a rat You don't have any stones to cast with.
Unknown command.
Unknown command.
You hit the worm.
The worm is lightly wounded.
The rat bites you.
* * * LOW HITPOINT WARNING * * *
You barely miss the worm.
The worm is lightly wounded.
The rat bites you.
* * * LOW HITPOINT WARNING * * *
The worm closely misses you.
An adder comes into view.
You are too injured to fight recklessly!
You are too injured to fight recklessly!
You are too injured to fight recklessly!
You are too injured to fight recklessly!
You are too injured to fight recklessly!
The adder hisses angrily.
You hit the rat.
You kill the rat!
The worm bites you!
You die...

#......)......# #.#
###)########.##.##
#.# ##.....#
#.###.###.# #..###.#
#.####.#.#####
.....# #g#
###.............
##..##.##.#
#...............
#... #...#
#.#####.##.#####
..##.##..#####.#
#.##.# # ..
#...S..[@w.# #.##.#
# #l.#######.#
#....# # #...#
#####.#####.##%#####
#..#
#..............)[...
#..
#.#########.##...###
#r# #.####.# .#
#.####.###
#.........
###.......


You could see a worm, an adder and a frilled lizard (wandering).

Vanquished Creatures
  4 gnolls (D:3)
  An adder (D:2)
  2 oozes (D:1)
  2 worms
  2 dart slugs (D:1)
  A leopard gecko (D:2)
  5 orcs (D:3)
  2 giant cockroaches
  4 goblins
  5 hobgoblins
  4 kobolds
  A ball python (D:1)
  3 bats
  4 frilled lizards
  5 rats
45 creatures vanquished.

Notes
Turn   | Place    | Note
-------+----------+-------------------------------------------
     0 | D:1      | Amnesiac the Mummy Earth Elementalist began the quest for the Orb.
     0 | D:1      | Reached XP level 1. HP: 13/13 MP: 4/4
    57 | D:1      | Reached XP level 2. HP: 19/19 MP: 2/5
    61 | D:1      | Learned a level 2 spell: Passwall
   590 | D:1      | Reached skill level 1 in Transmutations
  1006 | D:2      | Reached XP level 3. HP: 2/24 MP: 5/7
  1351 | D:2      | Found a shadowy altar of Dithmenos.
  2223 | D:3      | Reached XP level 4. HP: 16/30 MP: 3/9
  2611 | D:3      | Slain by a worm

Vault maps used:
D:1:      onia_arrival_handbag
D:2:      nicolae_dithmenos_shadow_blocks
D:3:      overflow_temple_1_default, minmay_vboxes

Skill      XL: |  1  2 |
---------------+-------+-----
Earth Magic    | 3 |  3.9
Spellcasting   | 3 |  3.9
Transmutations | 1 |  1.0
Dodging        | |  1.5
Stealth        | |  1.5

Action                   |  1- 3 |  4- 6 || total
-------------------------+-------+-------++-------
Melee: Unarmed           |     1 |       ||     1
       Spear             |   101 |    27 ||   128
 Cast: Sandblast         |    36 |    20 ||    56
  Use: Scroll            |       |     2 ||     2
 Stab: Sleeping          |     4 |       ||     4
Armor: Robe              |    18 |     5 ||    23
Dodge: Dodged            |    62 |    27 ||    89

Table legend:
 A = Spawn XP
 B = Non-spawn XP
 C = Spawn XP percentage of total XP
 D = Spawn monster count
 E = Non-spawn monster count
 F = Spawn count percentage of total count
 G = Total turns spent on level
                    A         B        C        D         E        F      G
               +---------+---------+-------+---------+---------+-------+---------
         Total |       0 |     161 |   0.0 |       0 |      45 |   0.0 |  2611
               +---------+---------+-------+---------+---------+-------+---------
           D:1 |       0 |      34 |   0.0 |       0 |      13 |   0.0 |   940
           D:2 |       0 |      37 |   0.0 |       0 |      14 |   0.0 |  1078
           D:3 |       0 |      90 |   0.0 |       0 |      18 |   0.0 |   593
               +---------+---------+-------+---------+---------+-------+---------
